Map: King's Cove LE

Players

Brawler - Winner!

  • Race: Zerg Zerg
  • League: Platinum
  • Spawn Location: 11:00

Parkkatz

  • Race: Zerg Zerg
  • League: Platinum
  • Spawn Location: 5:00

VOD

Have the link to the VOD?

Description

Time

  • Played on: June 30, 2019, 7:49 a.m.
  • Length: 4:13
Show
View Real Time Build Order
Export as new Build Order

Brawler Zerg - Winner!

Build Orders: Hatch First 

Get SALT Encoding   

  12  0:02  Drone  
  13  0:11  Drone  
  14  0:19  Overlord  
  14  0:51  Drone  
  14  0:52  Drone  
  14  0:54  Hatchery  
  15  1:07  Spawning Pool  
  14  1:11  Drone  
  14  1:15  Extractor  
  14  1:20  Drone  
  14  1:23  Drone  
  16  1:30  Overlord  
  16  1:39  Drone  
  17  1:54  Queen  
  17  1:59  Drone x2  
  21  2:06  Queen  
  23  2:13  Drone  
  24  2:17  Metabolic Boost  
  24  2:25  Zergling x4  
  26  2:32  Overlord  
  26  2:36  Zergling x2  
  27  2:47  Zergling x6  
  30  2:55  Zergling x4  
  32  3:00  Zergling x2  
  32  3:01  Zergling x2  
  35  3:05  Zergling x2  
  35  3:06  Zergling x4  
  35  3:12  Zergling x2  
  38  3:16  Zergling x4  
  40  3:23  Zergling x4  
  42  3:30  Zergling x4  
  44  3:39  Overlord  
  44  3:40  Overlord  
  44  3:46  Overlord  
Show
View Real Time Build Order
Export as new Build Order

Parkkatz Zerg 

Build Orders: Hatch First 

Get SALT Encoding   

  12  0:01  Drone  
  13  0:13  Overlord  
  13  0:20  Drone  
  14  0:32  Drone x2  
  16  0:36  Drone  
  17  0:58  Hatchery, Drone  
  17  1:13  Spawning Pool  
  17  1:15  Drone  
  17  1:21  Drone  
  18  1:27  Drone  
  18  1:29  Extractor  
  18  1:30  Drone  
  19  1:42  Overlord  
  19  1:56  Drone  
  19  2:00  Queen  
  22  2:02  Zergling x2  
  23  2:09  Queen  
  23  2:11  Zergling x2  
  26  2:16  Zergling x2  
  27  2:29  Drone x2  
  29  2:39  Queen  
  29  2:42  Drone x3  
  34  2:45  Overlord  
  34  3:09  Hatchery  
  34  3:10  Drone x2  
  36  3:12  Drone  
  36  3:15  Drone  
  37  3:28  Drone x2  
  37  3:29  Drone x2  
  41  3:36  Zergling x2  
  40  3:44  Spine Crawler  
  40  3:45  Zergling x2, Evolution Chamber  
  40  3:46  Zergling x6  
  41  3:50  Evolution Chamber  
  41  3:53  Evolution Chamber  
Tags
 
Add a new tag
Caveats
  • Supply blocks, unpowered buildings, or Contaminate may cause inaccurate times.
  • Supply counts are checked every 10 seconds.